 Dungeon Crawl Stone Soup version bcrawl-1.21.2-1-g32d02e0829 (webtiles) character file.

Game seed: 13254906997136478180

202 Mrkan the Vexing (level 5, 0/41 HPs)
             Began as a Gnoll Arcane Marksman on Feb 19, 2020.
             Slain by a mummy (7 damage)
             ... in an ossuary on Feb 20, 2020.
             The game lasted 00:07:48 (2864 turns).

Mrkan the Vexing (Gnoll Arcane Marksman)            Turns: 2864, Time: 00:07:48

Health: 0/41       AC:  4    Str: 13    XL:     5   Next: 80%
Magic:  12/12      EV: 14    Int: 15    God:
Gold:   185        SH:  0    Dex: 16    Spells: 13/14 levels left

rFire    . . .     SeeInvis .   b - +0 dagger
rCold    . . .     Gourm    .   (no shield)
rNeg     . . .     Faith    .   s - +0 leather armour
rPois    .         Spirit   .   (no helmet)
rElec    .         Reflect  .   (no cloak)
rCorr    .         Harm     .   q - +0 pair of gloves
MR       .....                  (no boots)
Stlth    ++........             (no amulet)
HPRegen  0.13/turn              (no ring)
MPRegen  0.13/turn              (no ring)

@: no status effects
A: distributed training, fangs 1, strong nose
a: no special abilities


You were in an ossuary.
You were not hungry.

You visited 1 branch of the dungeon, and saw 4 of its levels.
You also visited: Ossuary.

You collected 185 gold pieces.

Inventory:

Hand Weapons
 a - a +0 hand crossbow
 b - a +0 dagger (weapon)
Missiles
 f - 227 bolts
 o - 2 throwing nets (quivered) {!f}
Armour
 q - a +0 pair of gloves (worn)
 s - a +0 leather armour (worn)
Jewellery
 n - a +2 ring of dexterity {unknown}
 t - a cursed -2 ring of evasion {unknown}
Scrolls
 h - 2 scrolls of blinking {unknown}
 i - 2 scrolls of enchant weapon {unknown}
 j - 2 scrolls of fog {unknown}
 l - 3 scrolls of teleportation {unknown}
 p - 2 scrolls of remove curse {unknown}
 r - a scroll of immolation {unknown}
 u - 2 scrolls of identify {unknown}
 v - a scroll of fear {unknown}
Potions
 c - a potion of brilliance {unknown}
 d - a potion of berserk rage {unknown}
 g - 2 potions of heal wounds
 k - a potion of might {unknown}
 m - a potion of agility {unknown}
 w - a potion of magic {unknown}
 z - a potion of curing {unknown}
Comestibles
 e - 10 rations {!d}
 x - a chunk of flesh


   Skills:
 + Level 3.0 Fighting
 + Level 1.6 Short Blades
 + Level 1.6 Long Blades
 + Level 1.6 Axes
 + Level 1.6 Maces & Flails
 + Level 1.6 Polearms
 + Level 1.6 Staves
 + Level 1.6 Slings
 + Level 1.6 Bows
 + Level 4.8 Crossbows
 + Level 1.6 Throwing
 + Level 1.6 Armour
 + Level 4.8 Dodging
 + Level 1.6 Stealth
 + Level 1.6 Shields
 + Level 1.6 Unarmed Combat
 + Level 5.2 Spellcasting
 + Level 1.2 Conjurations
 + Level 5.5 Hexes
 + Level 1.2 Charms
 + Level 1.2 Summonings
 + Level 1.2 Necromancy
 + Level 1.2 Translocations
 + Level 1.2 Transmutations
 + Level 1.2 Fire Magic
 + Level 1.2 Ice Magic
 + Level 1.2 Air Magic
 + Level 1.2 Earth Magic
 + Level 1.2 Poison Magic
 + Level 1.8 Invocations
 + Level 1.6 Evocations


You had 13 spell levels left.
You knew the following spells:

 Your Spells              Type           Power        Failure   Level  Hunger
a - Corona                Hex            ###....      1%          1    None

Your spell library contained the following spells:

 Spells                   Type           Power        Failure   Level  Hunger
 Shackle                  Hex            ###.....     3%          2    ##.....
 False Image              Hex/Summ       ##......     16%         3    ###....
 Inner Flame              Hex/Fire       N/A          16%         3    ###....
 Cause Fear               Hex            ###.......   21%         4    ####...
 Yara's Violent Unravell  Hex/Tmut       ##........   45%         4    ####...


Dungeon Overview and Level Annotations

Branches:
Dungeon (4/12)
 Temple: D:4-7

Altars:
Cheibriados
Gozag
Qazlal


Innate Abilities, Weirdness & Mutations

Your experience applies equally to all skills.
You have very sharp teeth.
Your uncanny sense of smell can sniff out nearby items.


Message History

The mummy hits you!
The hobgoblin zombie hits you but does no damage.
b - a +0 dagger (weapon)
It was a potion of heal wounds.
You feel much better.
You hit the hobgoblin zombie.
The hobgoblin zombie is severely damaged.
You hit the mummy but do no damage.
The hobgoblin zombie closely misses you.
The kobold zombie hits you.
You hit the mummy but do no damage. The mummy hits you!
The hobgoblin zombie misses you. The kobold zombie barely misses you.
You hit the mummy.
The mummy is lightly damaged.
The mummy hits you!
* * * LOW HITPOINT WARNING * * *
The kobold zombie misses you.
You hit the mummy but do no damage. You bite the mummy.
The mummy is lightly damaged.
The mummy hits you!
You die...

#........#
#......#
#....#
#....# ∆
#....# ∆
#....# ∆
#....# ∆∆∆
#ZM..# ∆∆
#@MZ.# ∆∆
∆∆ #MZ..#
∆∆ ∆∆
#.∩∩.# ∆∆
######


You could see 3 mummies, a hobgoblin zombie and 2 kobold zombies.

Vanquished Creatures
  An orc priest (D:3)
  A hound (D:4)
  A mummy (Ossuary)
  4 adders (D:3)
  2 worms
  2 dart slugs
  4 leopard geckos
  7 orcs
  4 bats (D:1)
  2 giant cockroaches
  4 goblins
  6 hobgoblins
  9 jackals
  8 kobolds
  2 quokkas (D:3)
  A ball python (D:1)
  6 frilled lizards
  2 kobold zombies (Ossuary)
  3 orc zombies (Ossuary)
  8 rats
77 creatures vanquished.

Notes
Turn   | Place    | Note
-------+----------+-------------------------------------------
     0 | D:1      | Mrkan the Gnoll Arcane Marksman began the quest for the
                  | Orb.
     0 | D:1      | Reached XP level 1. HP: 17/17 MP: 6/6
   279 | D:1      | Reached XP level 2. HP: 17/23 MP: 7/7
   726 | D:1      | Reached XP level 3. HP: 27/28 MP: 9/9
   762 | D:1      | Reached skill level 5 in Spellcasting
  1309 | D:2      | Found a snail-covered altar of Cheibriados.
  1386 | D:2      | Found a stormy altar of Qazlal.
  1402 | D:2      | Reached skill level 1 in Invocations
  1625 | D:2      | Reached skill level 1 in Short Blades
  1625 | D:2      | Reached skill level 1 in Long Blades
  1625 | D:2      | Reached skill level 1 in Axes
  1625 | D:2      | Reached skill level 1 in Maces & Flails
  1625 | D:2      | Reached skill level 1 in Polearms
  1625 | D:2      | Reached skill level 1 in Staves
  1625 | D:2      | Reached skill level 1 in Slings
  1625 | D:2      | Reached skill level 1 in Bows
  1625 | D:2      | Reached skill level 1 in Throwing
  1625 | D:2      | Reached skill level 1 in Armour
  1625 | D:2      | Reached skill level 1 in Stealth
  1625 | D:2      | Reached skill level 1 in Shields
  1625 | D:2      | Reached skill level 1 in Unarmed Combat
  1625 | D:2      | Reached skill level 1 in Evocations
  1847 | D:2      | Reached XP level 4. HP: 27/34 MP: 11/11
  2018 | D:3      | Reached skill level 1 in Conjurations
  2018 | D:3      | Reached skill level 1 in Charms
  2018 | D:3      | Reached skill level 1 in Summonings
  2018 | D:3      | Reached skill level 1 in Necromancy
  2018 | D:3      | Reached skill level 1 in Translocations
  2018 | D:3      | Reached skill level 1 in Transmutations
  2018 | D:3      | Reached skill level 1 in Fire Magic
  2018 | D:3      | Reached skill level 1 in Ice Magic
  2018 | D:3      | Reached skill level 1 in Air Magic
  2018 | D:3      | Reached skill level 1 in Earth Magic
  2018 | D:3      | Reached skill level 1 in Poison Magic
  2256 | D:3      | Found an opulent altar of Gozag.
  2377 | D:3      | Reached XP level 5. HP: 40/40 MP: 12/12
  2813 | D:4      | Found a sand-covered staircase.
  2820 | Ossuary  | Entered an ossuary
  2864 | Ossuary  | Slain by a mummy

Skill      XL: |  1  2  3  4  5 |
---------------+----------------+-----
Spellcasting   | 5 |  5.2
Invocations    | 1 |  1.8
Short Blades   | 1 |  1.6
Long Blades    | 1 |  1.6
Axes           | 1 |  1.6
Maces & Flails | 1 |  1.6
Polearms       | 1 |  1.6
Staves         | 1 |  1.6
Slings         | 1 |  1.6
Bows           | 1 |  1.6
Throwing       | 1 |  1.6
Armour         | 1 |  1.6
Stealth        | 1 |  1.6
Shields        | 1 |  1.6
Unarmed Combat | 1 |  1.6
Evocations     | 1 |  1.6
Conjurations   | 1 |  1.2
Charms         | 1 |  1.2
Summonings     | 1 |  1.2
Necromancy     | 1 |  1.2
Translocations | 1 |  1.2
Transmutations | 1 |  1.2
Fire Magic     | 1 |  1.2
Ice Magic      | 1 |  1.2
Air Magic      | 1 |  1.2
Earth Magic    | 1 |  1.2
Poison Magic   | 1 |  1.2
Fighting       | 3 |  3.0
Crossbows      | |  4.8
Dodging        | |  4.8
Hexes          | |  5.5

Action                   |  1- 3 |  4- 6 || total
-------------------------+-------+-------++-------
Melee: Dagger            |     8 |     5 ||    13
       Bite              |     1 |     1 ||     2
 Fire: Hand crossbow     |    95 |    89 ||   184
  Use: Potion            |       |     1 ||     1
  Eat: Chunk             |     3 |     3 ||     6
Armor: Robe              |     3 |       ||     3
       Leather armour    |     3 |     6 ||     9
Dodge: Dodged            |    49 |    33 ||    82
